 Dungeon Crawl Stone Soup version 0.32-a0-705-g60f233581c (webtiles) character file.

Game seed: 2868342900224598902

264 BubbleThief the Covert (level 6, -5/35 HPs)
             Began as a Kobold Brigand on Mar 14, 2024.
             Slain by an iguana (7 damage)
             ... on level 4 of the Dungeon.
             The game lasted 00:04:04 (2754 turns).

BubbleThief the Covert (Kobold Brigand)             Turns: 2754, Time: 00:04:04

Health: -5/35      AC:  3    Str:  8    XL:     6   Next: 43%
Magic:  6/6        EV: 13    Int: 13    God:
Gold:   161        SH:  0    Dex: 18    Spells: 5/5 levels left

rFire   . . .        f - +1 dagger (speed)
rCold   . . .        (no shield)
rNeg    . . .        b - +0 robe
rPois   .            (no helmet)
rElec   .            c - +0 cloak
rCorr   .            (no gloves)
SInv    .            (no boots)
Will    .....        (no amulet)
Stlth   +++++        (no ring)
HPRegen 0.25/turn    (no ring)
MPRegen 0.10/turn

%: no passive effects
@: no status effects
A: small, no large weapons, nightstalker 3
a: no special abilities


You were on level 4 of the Dungeon.
You visited 1 branch of the dungeon, and saw 4 of its levels.

You collected 161 gold pieces.

Inventory:

Hand Weapons
 a - a +2 dagger
 f - a +1 dagger of speed (weapon)
 j - a +0 rapier
Missiles
 d - 10 poisoned darts (quivered)
 e - 2 curare-tipped darts
Armour
 b - a +0 robe (worn)
 c - a +0 cloak (worn)
Jewellery
 o - an amulet of faith
Scrolls
 k - a scroll of revelation {unknown}
 m - 7 scrolls of identify {unknown}
 p - a scroll of vulnerability {unknown}
 r - 2 scrolls of teleportation {unknown}
 s - a scroll of brand weapon {unknown}
Potions
 g - a potion of ambrosia {unknown}
 h - 3 potions of curing {unknown}
 i - a potion of attraction {unknown}
 l - 2 potions of resistance {unknown}
 n - a potion of brilliance {unknown}
 q - a potion of heal wounds {unknown}
 t - a potion of mutation {unknown}
 u - a potion of cancellation {unknown}


   Skills:
 - Level 2.1 Fighting
 + Level 6.2 Short Blades
 - Level 2.1 Throwing
 - Level 1.2 Dodging
 + Level 8.1 Stealth


You had 5 spell levels left.
You didn't know any spells.
Your spell library was empty.

Dungeon Overview and Level Annotations

Branches:
Dungeon (4/15)
 Temple: D:4-7

Altars:


Innate Abilities, Weirdness & Mutations

You are small and have problems with some larger weapons.
You are completely attuned to the shadows.


Message History

Your Stealth skill increases to level 8!
You have reached level 6!
An iguana comes into view.
Throw: 11 darts (poison)
Press: ? - help, Q - select action, (/) - cycle Shift-Dir - straight line, f - iguana
Aim: an iguana (64% to hit)
You throw a poisoned dart. The poisoned dart hits the iguana.
The iguana is poisoned.
You barely miss the iguana.
The iguana is lightly wounded.
The iguana bites you.
You hit the iguana but do no damage.
The iguana is lightly wounded.
You hit the iguana but do no damage.
The iguana is lightly wounded.
The iguana bites you.
You hit the iguana but do no damage.
The iguana is lightly wounded.
You hit the iguana.
The iguana is moderately wounded.
The iguana bites you but does no damage.
You hit the iguana but do no damage.
The iguana is moderately wounded.
You closely miss the iguana.
The iguana is heavily wounded.
You barely miss the iguana.
The iguana is heavily wounded.
The iguana bites you.
You hit the iguana.
The iguana is severely wounded.
You hit the iguana but do no damage.
The iguana is severely wounded.
The iguana bites you!
* * * LOW HITPOINT WARNING * * *
You hit the iguana but do no damage.
The iguana is severely wounded.
You hit the iguana.
The iguana is almost dead.
The iguana looks more healthy.
The iguana bites you!
You die...

######## ####
......(####### ##.....
......(#..)..###......
.......(..............
.......#l....###...... .
...h...#@.....#..........
~.PB#######..~~..###...##
~~~P ..~P~~..###.#..#
~~~~ ...~†P..........
~~~~ ..~~♣...........
..~~P~..##.#...#
..P♣~P..##.##..#
~.~≈PP..##.###..
♣♣PP.....###>.


You could see an iguana.

Vanquished Creatures
  A black bear (D:4)
  Natasha (twice) (D:4)
  3 adders
  6 dart slugs
  2 ribbon worms
  4 orcs (D:3)
  5 endoplasms
  5 giant cockroaches
  8 goblins
  8 hobgoblins
  7 jackals
  2 quokkas
  6 ball pythons
  4 bats
  4 frilled lizards
  5 kobolds
  4 rats
76 creatures vanquished.

Notes
Turn   | Place    | Note
-------+----------+-------------------------------------------
     0 | D:1      | BubbleThief the Kobold Brigand began the quest for the Orb.
     0 | D:1      | Reached XP level 1. HP: 12/12 MP: 1/1
    64 | D:1      | Reached XP level 2. HP: 13/17 MP: 2/2
   249 | D:1      | Reached XP level 3. HP: 21/21 MP: 3/3
   267 | D:1      | Reached skill level 6 in Stealth
   854 | D:2      | Upgraded the game from 0.32-a0-699-g1ee5eff69a to
                  | 0.32-a0-705-g60f233581c
  1091 | D:2      | Reached XP level 4. HP: 26/26 MP: 4/4
  2042 | D:3      | Reached skill level 7 in Stealth
  2042 | D:3      | Reached XP level 5. HP: 19/30 MP: 5/5
  2261 | D:3      | Reached skill level 5 in Short Blades
  2285 | D:3      | Found a faded altar of an unknown god.
  2531 | D:4      | Noticed Natasha
  2535 | D:4      | Killed Natasha
  2668 | D:4      | Noticed a black bear
  2681 | D:4      | Noticed Natasha
  2702 | D:4      | Killed Natasha
  2737 | D:4      | Killed a black bear
  2738 | D:4      | Reached skill level 8 in Stealth
  2738 | D:4      | Reached XP level 6. HP: 19/35 MP: 6/6
  2754 | D:4      | Slain by an iguana

Illustrated notes

Levels and vault maps discovered:
D:1:      dpeg_arrival_simpleton_a, layout_basic, minmay_hedge_maze,
          amcnicky_mini_pool_small, minmay_pentomino_z4
D:2:      layout_basic
D:3:      minmay_angry_zag, layout_basic, basic_ecumenical_altar
D:4:      layout_rooms, zin_treasury, serial_bayou_lagoon_a,
          hangedman_abyss_or_decor_lesser_grid, uniq_pikel, uniq_natasha,
          uniq_menkaure, uniq_crazy_yiuf_cottage

Skill      XL: |  1  2  3  4  5 |
---------------+----------------+-----
Short Blades   | 3 4 6 |  6.2
Stealth        | 6 7 8 |  8.1
Fighting       | |  2.1
Throwing       | |  2.1
Dodging        | |  1.2

Action                     |  1- 3 |  4- 6 || total
---------------------------+-------+-------++-------
  Melee: Dagger            |   107 |   227 ||   334
  Throw: Dart              |     2 |     6 ||     8
   Stab: Sleeping          |    16 |     8 ||    24
 Armour: Robe              |    29 |    59 ||    88
  Dodge: Dodged            |    45 |    81 ||   126

Table legend: (Time is in decaauts)
 A = Elapsed time spent in this place.
 B = Non-inter-level travel time spent in this place.
 C = Inter-level travel time spent in this place.
 D = Time resting spent in this place.
 E = Time spent auto-exploring this place.
 F = Levels seen in this place.
 G = Mean time per level.
                   A        B        C        D        E       F      G
               +--------+--------+--------+--------+--------+-----+--------+
         Total |   2593 |   2514 |     79 |      0 |   2052 |   4 |  648.2 |
       Dungeon |   2593 |   2514 |     79 |      0 |   2052 |   4 |  648.2 |
               +--------+--------+--------+--------+--------+-----+--------+

Top non-repeatable levels by time:
     D:3: 835 daAuts
     D:2: 805 daAuts
     D:1: 729 daAuts
     D:4: 223 daAuts
